 Dungeon Crawl Stone Soup version 0.29-a0-322-g68df515428 (webtiles) character file.

Game seed: 10988219414536253952

0 GigaChad the Skirmisher (level 1, -9/18 HPs)
             Began as a Demonspawn Chaos Knight on Apr 8, 2022.
             Was a Plaything of Xom.
             Mangled by an iguana (10 damage)
             ... on level 2 of the Dungeon.
             The game lasted 00:00:30 (137 turns).

GigaChad the Skirmisher (Demonspawn Chaos Knight)    Turns: 137, Time: 00:00:32

Health: -9/18      AC:  5    Str: 12    XL:     1   Next: 8%
Magic:  1/1        EV: 11    Int: 13    God:    Xom [*.....]
Gold:   0          SH:  0    Dex: 12    Spells: 0/0 levels left

rFire   . . .      SeeInvis .   a - +0 falchion (chaos)
rCold   . . .      Faith    .   (no shield)
rNeg    . . .      Spirit   .   b - +2 leather armour
rPois   .          Reflect  .   (no helmet)
rElec   .          Harm     .   (no cloak)
rCorr   .          Rampage  .   (no gloves)
Will    .....                   (no boots)
Stlth   +.........              (no amulet)
HPRegen 0.06/turn               (no ring)
MPRegen 0.07/turn               (no ring)

@: brilliant
A: no striking features
a: Renounce Religion


You were on level 2 of the Dungeon.
You worshipped Xom.
You were a special plaything of Xom.
You visited 1 branch of the dungeon, and saw 2 of its levels.

Inventory:

Hand Weapons
 a - a +0 falchion of chaos (weapon)
Armour
 b - a +2 leather armour (worn)
Miscellaneous
 c - a piece from Xom's chessboard (15/15) (quivered)


   Skills:
 + Level 3.0 Fighting
 + Level 2.6 Long Blades
 + Level 1.7 Armour
 + Level 0.8 Dodging


You couldn't memorise any spells.
You didn't know any spells.
Your spell library was empty.

Dungeon Overview and Level Annotations

Branches:
Dungeon (2/15)

Altars:
Gozag


Message History

You barely miss the iguana.
The iguana is lightly wounded.
The iguana barely misses you. The iguana bites you.
* * * LOW HITPOINT WARNING * * *
You hit the iguana.
The iguana suddenly stops moving!
The iguana is heavily wounded.
The helpless iguana fails to defend itself.
You hit the iguana but do no damage.
The iguana is heavily wounded.
The helpless iguana fails to defend itself.
You hit the iguana but do no damage.
The iguana is heavily wounded.
The helpless iguana fails to defend itself.
You hit the iguana.
Xom is highly amused!
Nothing appears to happen.
The iguana is severely wounded.
The helpless iguana fails to defend itself.
You hit the iguana.
The iguana is severely wounded.
The helpless iguana fails to defend itself.
You hit the iguana.
The iguana is severely wounded.
The iguana is no longer paralysed.
The iguana barely misses you. x2
You completely miss the iguana.
The iguana is severely wounded.
The iguana bites you.
* * * LOW HITPOINT WARNING * * *
You closely miss the iguana.
The iguana is severely wounded.
The iguana closely misses you. x2
You closely miss the iguana.
The iguana is severely wounded.
Xom smiles on you.
You feel clever all of a sudden.
You are now a special plaything of Xom.
The iguana bites you!
Ouch! That really hurt!
You die...
Xom bursts into laughter!

##....... ..
#.....[.. .
+........ ##.
#........ #..
##....... # #.#
##.....# #.#.#
##...## #.#.####.#
##+## #..@l....#
#.# ###.##########
#.#
#..........###.###
###......#.##....#
#......#.#......
#.._...#.##....#
#.....##.##..#.#
#.....##.##....#
#............###


You could see an iguana (berserk, fast).

Vanquished Creatures
  A ball python (D:2)
1 creature vanquished.

Notes
Turn   | Place    | Note
-------+----------+-------------------------------------------
     0 | D:1      | GigaChad the Demonspawn Chaos Knight began the quest for
                  | the Orb.
     0 | D:1      | Reached XP level 1. HP: 18/18 MP: 1/1
   108 | D:2      | Found an opulent altar of Gozag.
   123 | D:2      | Noticed an iguana
   137 | D:2      | XOM: potion effect (brilliance)
   137 | D:2      | Mangled by an iguana

Illustrated notes

Levels and vault maps discovered:
D:1:      onia_arrival_mini_spirals, layout_basic,
          minmay_misc_feat_secret_circle, minmay_statues_item,
          serial_park_tiny_pond, palyth_stone_intersect, minmay_cut_off
D:2:      layout_loops_corners, basic_altar, kennysheep_generic_room_13

Action                   || total
-------------------------++-------
Melee: Falchion          ||    15
       Punch             ||     1
 Stab: Paralysed         ||     5
Armor: Leather armour    ||     1
Dodge: Dodged            ||    10

Table legend: (Time is in decaauts)
 A = Elapsed time spent in this place.
 B = Non-inter-level travel time spent in this place.
 C = Inter-level travel time spent in this place.
 D = Time resting spent in this place.
 E = Time spent auto-exploring this place.
 F = Levels seen in this place.
 G = Mean time per level.
                   A        B        C        D        E       F      G
               +--------+--------+--------+--------+--------+-----+--------+
         Total |    139 |    139 |      0 |      0 |      0 |   2 |   69.5 |
       Dungeon |    139 |    139 |      0 |      0 |      0 |   2 |   69.5 |
               +--------+--------+--------+--------+--------+-----+--------+

Top non-repeatable levels by time:
     D:2: 108 daAuts
     D:1: 31 daAuts
